 Dungeon Crawl Stone Soup version 0.28-a0-983-g1de4e0787c (webtiles) character file.

Game seed: 4713443329716435301

70170 Peloso the Fencer (level 14, -19/133 HPs)
             Began as a Minotaur Fighter on Dec 3, 2021.
             Was a High Priest of Okawaru.
             Demolished by a sphinx (20 damage)
             ... summoned by Kirke
             ... while paralysed by a sphinx
             ... on level 4 of the Lair of Beasts.
             The game lasted 01:01:40 (23353 turns).

Peloso the Fencer (Minotaur Fighter)               Turns: 23353, Time: 01:01:41

Health: -19/133    AC:  0    Str: 22    XL:     14   Next: 93%
Magic:  14/15      EV:  3    Int:  5    God:    Okawaru [*****.]
Gold:   2482       SH:  0    Dex: 14    Spells: 13/13 levels left

rFire   . . .      SeeInvis .     - Unarmed
rCold   . . .      Faith    .   (shield currently unavailable)
rNeg    . . .      Spirit   .   (armour currently unavailable)
rPois   .          Reflect  .   (helmet currently unavailable)
rElec   .          Harm     .   (cloak currently unavailable)
rCorr   .          Rampage  .   (gloves currently unavailable)
Will    +....                   (boots currently unavailable)
Stlth   ++++......              J - amulet of regeneration
HPRegen 1.12/turn               (ring currently unavailable)
MPRegen 0.14/turn               (ring currently unavailable)

@: paralysed, pig-form, heroic, very quick
A: fast, no casting, small, (horns 2), (retaliatory headbutt)
a: Renounce Religion, Heroism, Finesse, Duel


You were on level 4 of the Lair of Beasts.
You worshipped Okawaru.
Okawaru was extremely pleased with you.
You were a filthy swine.
You visited 4 branches of the dungeon, and saw 20 of its levels.
You also visited: Ice Cave and Volcano.

You collected 3005 gold pieces.
You spent 523 gold pieces at shops.

Inventory:

Hand Weapons
 a - a +2 demon blade of freezing (melded)
 b - a +2 scimitar of flaming
 t - a +0 dagger
Armour
 c - a +0 buckler (melded)
 g - a +0 pair of boots (melded)
 B - a scarf of resistance (melded)
 N - a +4 chain mail of cold resistance (melded)
 W - a +0 pair of gloves of stealth (melded)
Jewellery
 i - a +6 ring of strength
 n - a ring of wizardry
 w - a ring of poison resistance (melded)
 J - an amulet of regeneration (around neck)
 Q - a ring of flight (melded)
Wands
 o - a wand of polymorph (7)
Scrolls
 f - a scroll of fog
 h - 2 scrolls of identify
 j - a scroll of holy word
 p - 3 scrolls of magic mapping
 u - 8 scrolls of fear
 I - 3 scrolls of blinking
 L - 2 scrolls of noise
 M - 3 scrolls of teleportation
Potions
 d - 4 potions of might
 e - a potion of berserk rage
 l - a potion of mutation
 v - 5 potions of haste
 z - 2 potions of heal wounds
 C - a potion of resistance
 E - 3 potions of curing
 G - 3 potions of brilliance
 R - a potion of cancellation
 S - a potion of experience {unknown}
 V - a potion of magic {unknown}
Miscellaneous
 k - a phantom mirror
 m - a condenser vane


   Skills:
 + Level 14.9(19.9) Fighting
 + Level 2.6(16.1) Short Blades
 + Level 17.9(23.0) Long Blades
 + Level 16.0(21.0) Armour
 + Level 6.2(11.2) Dodging
 + Level 2.4(7.4) Stealth
 + Level 13.1(18.1) Shields
 + Level 3.1 Invocations
 + Level 1.0 Evocations


You had 13 spell levels left.
You didn't know any spells.
Your spell library contained the following spells:

 Spells                   Type           Power      Damage    Failure   Level
 Freeze                   Ice            0%         1d3       47%         1
 Blink                    Tloc           0%         N/A       63%         2
 Dazzling Flash           Conj/Hex       0%         N/A       85%         3
 Frozen Ramparts          Ice            0%         1d2       85%         3
 Ignite Poison            Fire/Tmut/Pois 0%         N/A       85%         3
 Mephitic Cloud           Conj/Pois/Air  0%         N/A       85%         3
 Ozocubu's Armour         Ice            0%         N/A       85%         3
 Hailstorm                Conj/Ice       0%         3d3       99%         4
 Ice Form                 Ice/Tmut       0%         N/A       99%         4
 Agony                    Necr           0%         N/A       100%        5
 Blade Hands              Tmut           0%         N/A       100%        5
 Freezing Cloud           Conj/Ice/Air   0%         6-21      100%        5
 Manifold Assault         Tloc           0%         N/A       100%        5
 Metabolic Englaciation   Hex/Ice        0%         N/A       100%        5
 Silence                  Hex/Air        0%         N/A       100%        5
 Iron Shot                Conj/Erth      0%         9d1       100%        6
 Storm Form               Tmut/Air       0%         N/A       100%        7
 Borgnjor's Revivificati  Necr           0%         N/A       100%        8
 Maxwell's Capacitive Co  Air            0%         ∞         100%        8
 Necromutation            Tmut/Necr      0%         N/A       100%        8
 Death's Door             Necr           0%         N/A       100%        9
 Animate Armour           Summ/Erth      Unusable   N/A       N/A         4
 Summon Ice Beast         Ice/Summ       Unusable   N/A       N/A         4
 Summon Lightning Spire   Summ/Air       Unusable   N/A       N/A         4

Dungeon Overview and Level Annotations

Branches:
Dungeon (13/15)            Temple (1/1) D:5            Lair (4/6) D:10
 Shoals (0/4) Lair:2        Snake (0/4) Lair:2          Orc (2/2) D:11
    Elf (0/3) Orc:2         IceCv (visited)         Volcano (visited)
 Vaults: D:13-14

Altars:
Ashenzari
Dithmenos
Elyvilon
Gozag
Hepliaklqana
Kikubaaqudgha
Makhleb
Nemelex Xobeh
Okawaru
Qazlal
Ru
Sif Muna
Trog
Uskayaw
Vehumet
Wu Jian
Xom
Yredelemnul
Zin
The Shining One
Beogh

Shops:
D:4 (   D:6 [!!!   Orc:1 [[**   Orc:2 =![*

Portals:
Pandemonium: Orc:2

Annotations:
D:13 3 runed translucent doors, Eronk's ghost, journeyman GrEE
Lair:4 Kirke
Orc:2 Casa


Innate Abilities, Weirdness & Mutations

You are a filthy swine.
You move quickly.
Your equipment is almost entirely melded.
You are incapable of wielding weapons or throwing items.
You cannot cast spells.
((You have a pair of horns on your head.))
((You reflexively headbutt those who attack you in melee.))


Message History

You hit Kirke. You freeze Kirke.
Kirke is almost dead.
The hog bites the fungus!
The hog bites the fungus.
Kirke points at you and mumbles some strange words.
You turn into a filthy swine.
Your +2 demon blade of freezing melds into your body.
Your scarf of resistance melds into your body.
Your +0 pair of gloves of stealth melds into your body.
Your +0 pair of boots melds into your body.
Your +0 buckler melds into your body.
Your +4 chain mail of cold resistance melds into your body.
Your ring of poison resistance melds into your body.
Your ring of flight melds into your body.
Your +2 demon blade of freezing stops glowing.
You feel hot and cold all over.
You feel less stealthy.
You feel less resistant to cold.
You float gracefully downwards.
You hit Kirke.
Kirke is almost dead.
The manticore bites you. The manticore claws you! The manticore misses you.
The hog bites the fungus.
The hog bites the fungus!
Unknown command.
You hit Kirke but do no damage.
Kirke is almost dead.
Kirke hits you!!
The hog completely misses the fungus.
The sphinx casts a spell.
You suddenly lose the ability to move!
The manticore bites you!
The manticore claws you. x2; The hog bites the fungus.
The hog bites the fungus!
Kirke hits you! The sphinx hits you! The sphinx hits you. The sphinx hits you!
* * * LOW HITPOINT WARNING * * *
The hog bites the fungus!
The manticore bites you!
* * * LOW HITPOINT WARNING * * *
The manticore claws you.
* * * LOW HITPOINT WARNING * * *
The manticore claws you.
* * * LOW HITPOINT WARNING * * *
A nearby fungus withers and dies.
Kirke hits you!
* * * LOW HITPOINT WARNING * * *
The sphinx hits you!!
You die...

.#.# h#### #### .... #
##.hh.## ### #.#...P#
#P## #..... ..P# #P..#
...## ##hh.# ....#
#Ph@## ....## #..Hh#
.....### ##..H.#
.....#.# #...###
......## #...#
......## #P..######
.......# #...##...#
.....#P# #...P....##
.....### ###.........#
....######.#......##P#


You could see Kirke, a sphinx (summoned), a manticore (summoned) and 3 hogs.

Vanquished Creatures
  An orc warlord (Orc:2)
  Nessos (Lair:4)
  Josephine (D:11)
  Harold (D:7)
  4 hydras
  A boulder beetle (D:12)
  A death knight (D:12)
  A centaur warrior (D:12)
  A death yak (Lair:3)
  2 two-headed ogres
  The ghost of Gargoyl the Fighter, a novice GnAK of Lugonu (D:8)
  3 orc high priests (Orc:2)
  Sonja (Orc:2)
  2 skeletal warriors (Volcano)
  An anaconda skeleton (Volcano)
  Pikel (D:4)
  11 orc sorcerers
  3 ugly things
  8 deep elf pyromancers
  3 deep elf zephyrmancers (D:12)
  2 manticores
  7 orc knights
  3 cyclopes
  3 black mambas
  A merfolk siren (Lair:2)
  An elephant (Lair:3)
  11 cane toads
  2 ice statues (IceCv)
  7 gargoyles
  An orange demon (Orc:2)
  14 komodo dragons
  An unseen horror (D:12)
  An efreet (D:13)
  Maggie (D:9)
  A kobold demonologist (Orc:1)
  2 merfolk (Lair:2)
  9 trolls
  2 polar bears (Lair:3)
  5 blink frogs (Lair:3)
  14 slime creatures (D:13)
  3 harpy skeletons (Volcano)
  3 flying skulls (Volcano)
  A ynoxinul (Orc:2)
  A dire elephant simulacrum (IceCv)
  37 yaks
  2 spriggans (Lair:3)
  2 wyverns
  2 basilisks
  7 wraiths
  2 hogs (Lair:4)
  3 fire bats (Orc:1)
  3 steam dragons
  Menkaure (D:6)
  A death yak simulacrum (IceCv)
  3 nagas (Lair:2)
  4 swamp worms (D:12)
  A warg (Orc:2)
  6 water moccasins
  An acid dragon (D:8)
  A swamp drake (D:11)
  A black bear (Lair:3)
  A sky beast (D:5)
  A necrophage (D:4)
  33 orc warriors
  9 ogres
  6 centaurs
  6 wolves
  3 lemures (D:4)
  A phantom (D:7)
  20 kobold brigands
  9 bullfrogs
  2 gnoll sergeants
  A wyvern zombie (D:8)
  3 scorpions
  3 cane toad simulacra
  3 troll skeletons (Volcano)
  16 killer bees
  A spriggan skeleton (Volcano)
  7 wights
  2 electric eels
  4 howler monkeys
  A bullfrog zombie (D:6)
  2 bullfrog skeletons (D:5)
  3 centaur zombies
  23 orc priests
  Crazy Yiuf (D:6)
  2 hounds
  2 jellies
  2 gnoll shamans
  13 iguanas
  10 orc wizards
  A scorpion zombie (D:5)
  A wolf simulacrum (IceCv)
  3 naga skeletons (Volcano)
  A hound skeleton (D:4)
  3 howler monkey zombies
  25 gnolls
  9 adders
  A howler monkey skeleton (D:7)
  2 white imps
  3 worms
  3 dart slugs
  77 orcs
  5 bats
  6 endoplasms
  3 giant cockroaches
  6 hobgoblins
  3 jackals (D:1)
  2 quokkas (D:1)
  11 ball pythons
  18 frilled lizards
  7 goblins
  26 kobolds
  9 rats
  6 briar patches (D:12)
642 creatures vanquished.

Vanquished Creatures (others)
  2 gnolls (D:6)
  An orc (Orc:2)
  2 briar patches (D:12)
  2 fire vortices (Lair:2)
  8 fungi
  16 plants
31 creatures vanquished.

Grand Total: 673 creatures vanquished

Notes
Turn   | Place    | Note
-------+----------+-------------------------------------------
     0 | D:1      | Peloso the Minotaur Fighter began the quest for the Orb.
     0 | D:1      | Reached XP level 1. HP: 19/19 MP: 0/0
    84 | D:1      | Found a faded altar of an unknown god.
   321 | D:1      | Reached XP level 2. HP: 25/27 MP: 1/1
   784 | D:1      | Reached skill level 3 in Long Blades
   999 | D:2      | Reached XP level 3. HP: 33/33 MP: 2/2
  1236 | D:2      | Reached XP level 4. HP: 37/40 MP: 3/3
  1431 | D:2      | Reached skill level 4 in Long Blades
  2136 | D:3      | Reached XP level 5. HP: 41/46 MP: 4/4
  2383 | D:3      | You fall into a shaft and drop 1 floor!
  2426 | D:4      | Found Igecrump's Weapon Emporium.
  2523 | D:4      | Reached skill level 5 in Long Blades
  2523 | D:4      | Reached skill level 5 in Armour
  2641 | D:4      | Noticed a necrophage
  2652 | D:4      | Killed a necrophage
  2653 | D:4      | Reached XP level 6. HP: 52/53 MP: 5/5
  2922 | D:4      | Noticed Pikel
  3073 | D:4      | Killed Pikel
  3074 | D:4      | Reached skill level 5 in Fighting
  3074 | D:4      | Reached skill level 6 in Long Blades
  3074 | D:4      | Reached skill level 1 in Dodging
  3074 | D:4      | Reached skill level 5 in Shields
  3074 | D:4      | Reached XP level 7. HP: 53/61 MP: 6/6
  3713 | D:3      | Reached skill level 7 in Long Blades
  4082 | D:5      | Entered Level 5 of the Dungeon
  4227 | D:5      | Found a staircase to the Ecumenical Temple.
  4260 | Temple   | Entered the Ecumenical Temple
  4345 | Temple   | Became a worshipper of Warmaster Okawaru
  4398 | D:5      | Reached XP level 8. HP: 68/68 MP: 7/7
  4421 | D:5      | Reached skill level 8 in Long Blades
  5137 | D:6      | Reached * piety under Okawaru
  5334 | D:6      | Found Jyapon's Distillery.
  5338 | D:6      | Found Qolaompo's Distillery.
  5338 | D:6      | Found Qaicetwyn's Antique Armour Shoppe.
  5339 | D:6      | Found Iffed's Distillery.
  5645 | D:6      | Bought a potion of curing for 33 gold pieces
  5671 | D:6      | Bought a potion of degeneration for 12 gold pieces
  5671 | D:6      | Bought a potion of berserk rage for 60 gold pieces
  5795 | D:6      | Reached skill level 9 in Long Blades
  6412 | D:6      | Noticed Menkaure
  6417 | D:6      | Killed Menkaure
  6821 | D:6      | Found a runed translucent door.
  6822 | D:6      | Noticed Crazy Yiuf
  6826 | D:6      | Killed Crazy Yiuf
  6919 | D:7      | Reached XP level 9. HP: 75/75 MP: 8/8
  6990 | D:7      | Reached skill level 1 in Stealth
  6991 | D:7      | Noticed Harold
  7025 | D:7      | Killed Harold
  7025 | D:7      | Reached ** piety under Okawaru
  7026 | D:7      | Reached skill level 10 in Long Blades
  7277 | D:7      | Found a bloodstained altar of Trog.
  8051 | D:7      | Reached skill level 11 in Long Blades
  8664 | D:8      | Reached XP level 10. HP: 86/86 MP: 9/9
  8731 | D:8      | Reached *** piety under Okawaru
  8732 | D:8      | Reached skill level 12 in Long Blades
  8974 | D:8      | Found a sacrificial altar of Ru.
  9034 | D:8      | Found a runed translucent gate.
  9034 | D:8      | Found a runed translucent gate.
  9034 | D:8      | Found a runed translucent gate.
  9034 | D:8      | Found an opulent altar of Gozag.
  9035 | D:8      | Noticed a two-headed ogre
  9036 | D:8      | Noticed Gargoyl's ghost (novice GnAK)
  9036 | D:8      | Noticed a cyclops
  9037 | D:8      | Noticed a cyclops
  9266 | D:8      | Identified a scroll of acquirement
  9615 | D:9      | Noticed Maggie
  9630 | D:9      | Killed Maggie
  9630 | D:9      | Reached **** piety under Okawaru
  9690 | D:9      | Identified the +1 chain mail "Emoenaust" {+Blink Slay+3}
  9879 | D:8      | Reached skill level 1 in Invocations
 10005 | D:9      | Reached skill level 10 in Armour
 10262 | D:9      | Found the +3 pair of gauntlets of War {Slay+5}
 10601 | D:10     | Entered Level 10 of the Dungeon
 10833 | D:10     | Reached ***** piety under Okawaru
 10840 | D:10     | Reached skill level 13 in Long Blades
 10972 | D:10     | Reached XP level 11. HP: 91/95 MP: 11/11
 11080 | D:10     | Received a gift from Okawaru
 11462 | D:10     | Found a staircase to the Lair.
 11646 | D:11     | Reached skill level 14 in Long Blades
 11989 | D:11     | Noticed a two-headed ogre
 12009 | D:11     | Killed a two-headed ogre
 12066 | D:11     | Found a staircase to the Orcish Mines.
 12445 | D:11     | Noticed Josephine
 12453 | D:11     | Killed Josephine
 12454 | D:11     | Reached skill level 10 in Fighting
 12671 | Lair:1   | Entered Level 1 of the Lair of Beasts
 12678 | Lair:1   | Reached XP level 12. HP: 106/106 MP: 12/12
 12706 | Lair:1   | Received a gift from Okawaru
 12867 | Lair:1   | Reached skill level 15 in Long Blades
 13322 | Lair:1   | Reached ****** piety under Okawaru
 13322 | Lair:1   | Received a gift from Okawaru
 13480 | Lair:2   | Found a staircase to the Snake Pit.
 13895 | Lair:2   | Found a staircase to the Shoals.
 13908 | Lair:2   | Reached skill level 10 in Shields
 14243 | Lair:2   | Identified the +2 arbalest of Vimut {elec, rElec Str-3
                  | Int+4}
 14521 | Lair:3   | Noticed a five-headed hydra
 14534 | Lair:3   | Killed a five-headed hydra
 14625 | Lair:3   | Found a frozen archway.
 14636 | IceCv    | Entered an ice cave
 14646 | IceCv    | Received a gift from Okawaru
 14647 | IceCv    | Reached skill level 1 in Short Blades
 14685 | IceCv    | Found a transporter.
 14705 | IceCv    | Found a transporter.
 14836 | IceCv    | Got Sif Muna's Catalogue of Snow
 14976 | Lair:3   | Noticed a six-headed hydra
 14993 | Lair:3   | Killed a six-headed hydra
 15001 | Lair:3   | Identified the +12 rapier of Shame {protect, MP+9 Str+4}
 15394 | Lair:3   | Reached XP level 13. HP: 118/118 MP: 13/13
 15626 | Lair:3   | Identified the +11 halberd "Nuix" {vorpal, +Blink Str+6}
 16518 | D:12     | Reached skill level 5 in Dodging
 16524 | D:12     | Received a gift from Okawaru
 16547 | D:12     | Reached skill level 16 in Long Blades
 16749 | D:12     | Found a transporter.
 16804 | D:12     | Found a transporter.
 17339 | Orc:1    | Entered Level 1 of the Orcish Mines
 17368 | Orc:1    | Found Jiukapn's Assorted Antiques.
 17377 | Orc:1    | Found Vunumotif's Assorted Antiques.
 17405 | Orc:1    | Found a dark tunnel.
 17428 | Volcano  | Entered a volcano
 18013 | Volcano  | Reached skill level 15 in Armour
 18029 | Volcano  | Acquired 806 gold pieces
 18164 | Orc:1    | Bought a red potion for 20 gold pieces
 18164 | Orc:1    | Bought a scroll of identify for 46 gold pieces
 18215 | Orc:1    | Found Azxuowu's Antique Armour Shop.
 18226 | Orc:1    | Bought a faintly humming chain mail for 209 gold pieces
 18226 | Orc:1    | Identified the +2 chain mail of the Louse {Contam Harm
                  | Str+4} (You bought it in a shop on level 1 of the Orcish
                  | Mines)
 18259 | Orc:1    | Found Foxoh's Antique Armour Shop.
 18284 | Orc:1    | Reached XP level 14. HP: 87/129 MP: 14/14
 18557 | Orc:2    | Entered Level 2 of the Orcish Mines
 18580 | Orc:2    | Found a staircase to the Elven Halls.
 18684 | Orc:2    | Noticed Sonja
 18690 | Orc:2    | Killed Sonja
 18758 | Orc:2    | Noticed an orc warlord
 18777 | Orc:2    | Killed an orc warlord
 18898 | Orc:2    | Reached skill level 17 in Long Blades
 18935 | Orc:2    | Found Liohuq's Distillery.
 18937 | Orc:2    | Found Boskedi's General Store.
 19032 | Orc:2    | Bought a potion of lignification for 33 gold pieces
 19032 | Orc:2    | Bought a potion of mutation for 88 gold pieces
 19071 | Orc:2    | Bought a scroll of identify for 22 gold pieces
 19121 | Orc:2    | Received a gift from Okawaru
 19254 | Orc:2    | Paralysed by an orc sorcerer for 4 turns
 19506 | Orc:2    | Found Lurhet's Jewellery Boutique.
 19506 | Orc:2    | Found Qufuffid's Antique Armour Shop.
 19511 | Orc:2    | Found a one-way gate leading to the halls of Pandemonium.
 20535 | Orc:1    | Received a gift from Okawaru
 21062 | D:13     | Identified the +12 shortbow of Trial by Ordeal {flame,
                  | Str+3}
 21086 | D:13     | Found a runed translucent gate.
 21086 | D:13     | Found a runed translucent gate.
 21087 | D:13     | Found a runed translucent gate.
 21091 | D:13     | Noticed Eronk's ghost (journeyman GrEE)
 21106 | D:13     | Reached skill level 1 in Evocations
 22027 | D:8      | Killed Gargoyl's ghost
 22267 | D:12     | HP: 6/133 [swamp worm/harpoon shot (18)]
 22558 | Lair:4   | Noticed Nessos
 22574 | Lair:4   | Killed Nessos
 22574 | Lair:4   | Received a gift from Okawaru
 23336 | Lair:4   | Noticed Kirke
 23349 | Lair:4   | Noticed a sphinx
 23351 | Lair:4   | Paralysed by a sphinx for 2 turns
 23353 | Lair:4   | HP: 1/133 [Kirke (11)]
 23353 | Lair:4   | Demolished by a sphinx

Illustrated notes

Levels and vault maps discovered:
D:1:      amcnicky_arrival_single_pillar, layout_loops_corners,
          shapermc_ecumenical_altar_totnotflames
D:2:      layout_loops_ring
D:3:      minmay_chambers_of_threes, layout_basic, minmay_distorted
D:4:      layout_loops_ring, serial_shops, nicolae_shop_bloodbath_and_beyond,
          minmay_liquid_box, uniq_pikel
D:5:      layout_basic, minmay_temple_entry_trees, nicolae_grassy_gnolls
D:6:      layout_basic, minmay_shop_grid_forest, uniq_crazy_yiuf_cottage,
          uniq_menkaure
D:7:      layout_basic, lemuel_round_altar, uniq_harold
D:8:      layout_rooms, nicolae_ru_awakened_eye, ebering_ghost_gozag
D:9:      layout_stronghold, uniq_maggie
D:10:     layout_irregular_city, lair_entry_dummy
D:11:     lemuel_reptile_caves, layout_basic, erik_orc_1, uniq_josephine
D:12:     gammafunk_worm_tunnel, layout_loops_ring, elves_outpost_lemuel
D:13:     layout_basic, gammafunk_ghost_necromancy, serial_corexii_hall,
          chequers_hall_statues_corner_a, corexii_hall_statues_deadend,
          nicolae_figureground_pulse
Temple:   regret_index_temple_chain_breaker
Lair:1:   layout_roguey, infiniplex_staircase_pool, grunt_megastairs_4,
          serial_bayou_shore_a
Lair:2:   layout_gridlike, elwin_shoals_entry_rooms,
          guppyfry_snake_entry_island, hibernation_bobbens, serial_bayou_shore_b
Lair:3:   nzn_winding_woodlands_stair_trap
          [nzn_winding_woodlands_5x15_longhouse,
          nzn_winding_woodlands_5x15_garden, nzn_winding_woodlands_5x15_parted,
          nzn_winding_woodlands_15x15_boxy_spiral,
          nzn_winding_woodlands_5x15_pockets, nzn_winding_woodlands_5x15_cabin,
          nzn_winding_woodlands_5x15_lazy_stream], layout_gridlike,
          portal_ice_cave_entry_ice_simulacra,
          eino_small_chamber_without_monster, forest_entry_grove
Lair:4:   layout_cave_pods, uniq_kirke, uniq_nessos
Orc:1:    layout_diamond_mine, serial_shops, shop, shop,
          nicolae_shop_hallway_stairs, nicolae_shop_advertising_works
          [nicolae_subvault_shop_adworks], special_room [special_room_kobold],
          nicolae_volcano_entry_batcave, mines1_david
Orc:2:    pf_orc_diabolical, layout_diamond_mine, uniq_sonja

Skill      XL: |  1  2  3  4  5  6  7  8  9 10 11 12 13 14 |
---------------+-------------------------------------------+-----
Shields        | 4 5 6 8 9 10 11 13 | 13.1
Long Blades    | 3 4 5 6 7 9 11 13 14 15 16 17 | 17.9
Armour         | 4 5 6 8 9 10 12 13 15 16 | 16.0
Fighting       | 4 5 6 7 8 10 12 13 14 | 14.9
Dodging        | 1 2 3 4 5 6 |  6.2
Stealth        | 1 2 |  2.4
Invocations    | 1 2 3 |  3.1
Short Blades   | 1 2 |  2.6
Evocations     | 1 |  1.0

Action                   |  1- 3 |  4- 6 |  7- 9 | 10-12 | 13-15 || total
-------------------------+-------+-------+-------+-------+-------++-------
Melee: Long sword        |    76 |    97 |   325 |   723 |       ||  1221
       Headbutt          |     9 |    13 |    67 |   196 |   230 ||   515
       Unarmed           |       |       |       |     7 |     2 ||     9
       Demon blade       |       |       |       |    79 |   904 ||   983
       Short sword       |       |       |       |    17 |    19 ||    36
Invok: Heroism           |       |       |     2 |     7 |    14 ||    23
Evoke: Wand              |       |       |       |     2 |    12 ||    14
  Use: Potion            |       |       |     3 |     4 |     2 ||     9
       Scroll            |       |       |       |    15 |    13 ||    28
Armor: Scale mail        |    32 |    30 |       |       |       ||    62
       Chain mail        |       |    10 |   145 |   308 |   425 ||   888
       Plate armour      |       |       |    55 |    65 |       ||   120
       Skin              |       |       |       |     7 |       ||     7
Dodge: Dodged            |    30 |    36 |   112 |   314 |   360 ||   852
Block: Buckler           |    15 |    26 |    64 |   180 |   274 ||   559

Table legend: (Time is in decaauts)
 A = Elapsed time spent in this place.
 B = Non-inter-level travel time spent in this place.
 C = Inter-level travel time spent in this place.
 D = Time resting spent in this place.
 E = Time spent auto-exploring this place.
 F = Levels seen in this place.
 G = Mean time per level.
                   A        B        C        D        E       F      G
               +--------+--------+--------+--------+--------+-----+--------+
         Total |  22859 |  21606 |   1253 |   1327 |  14550 |  22 | 1039.0 |
       Dungeon |  15361 |  14357 |   1004 |   1018 |  10176 |  13 | 1181.6 |
        Temple |    100 |    100 |      0 |      0 |     66 |   1 |  100.0 |
          Lair |   4031 |   3830 |    201 |      0 |   3101 |   4 | 1007.8 |
  Orcish Mines |   2534 |   2488 |     46 |    141 |    982 |   2 | 1267.0 |
      Ice Cave |    221 |    221 |      0 |     80 |      0 |   1 |  221.0 |
       Volcano |    609 |    609 |      0 |     88 |    224 |   1 |  609.0 |
               +--------+--------+--------+--------+--------+-----+--------+

Top non-repeatable levels by time:
   Orc:2: 1826 daAuts
     D:6: 1753 daAuts
     D:7: 1645 daAuts
    D:12: 1437 daAuts
    D:11: 1298 daAuts
  Lair:3: 1275 daAuts
     D:2: 1147 daAuts
     D:9: 1103 daAuts
     D:4: 1094 daAuts
  Lair:2: 1086 daAuts
     D:8: 1062 daAuts
    D:13: 1058 daAuts
     D:3: 1022 daAuts
     D:1: 991 daAuts
    D:10: 948 daAuts
